AoeStats
← Tatycomendo

Black Forest

504530101Analyzed
2v2 RM · 2mo ago on Sep 5, 2026· 73m 29s· 4 players
Game mode
Random Map
Map size
Medium (4 player)
Population
200
Speed
Normal
Resources
Standard
Victory
Conquest
Starting age
Dark Age
Ending age
Imperial Age
RankedLock teamsTeams togetherTeam positionsShared explorationLock speedFull tech treeHidden civsTurbo modeCheats
Victory
Defeat
🇲🇽 Huns · Mexico
600
+13
🇲🇽 Khmer · Mexico
581
+14
vs
🇹🇼 Japanese · Taiwan
537
-14
🇧🇷 Khmer · Brazil
529
-13
Tatycomendo
0:43 Loom
18:49 Feudal Age
19:56 Town Watch
20:40 Double-Bit Axe
20:37 Horse Collar
23:45 Wheelbarrow
23:41 Padded Archer Armor
23:31 Fletching
23:52 Forging
23:48 Scale Barding Armor
23:44 Scale Mail Armor
24:33 Man-at-Arms
24:59 Arson
27:42 Gold Mining
27:45 Stone Mining
31:24 Castle Age
32:49 Leather Archer Armor
32:30 Bodkin Arrow
32:50 Chain Mail Armor
32:56 Chain Barding Armor
33:11 Iron Casting
32:31 Pikeman
32:32 Long Swordsman
33:33 Caravan
34:03 Coinage
33:29 Elite Skirmisher
36:14 Gold Shaft Mining
36:17 Stone Shaft Mining
38:11 Tusk Swords
38:13 Murder Holes
38:28 Fortified Wall
42:39 Imperial Age
40:38 Light Cavalry
41:19 Husbandry
41:31 Bloodlines
40:48 Crossbowman
42:26 Coinage
41:57 Heated Shot
42:28 Ballistics
42:20 Masonry
43:47 Town Patrol
44:27 Hand Cart
44:36 Halberdier
51:32 Capped Ram
53:07 Elite Ballista Elephant
64:45 Double Crossbow
64:16 Cavalier
OTSNK_ntujaychou
1:12 Loom
14:12 Feudal Age
15:21 Horse Collar
15:33 Double-Bit Axe
15:43 Town Watch
16:34 Wheelbarrow
23:28 Castle Age
21:44 Arson
21:48 Man-at-Arms
23:25 Gold Mining
23:26 Stone Mining
26:13 Heavy Plow
26:28 Bow Saw
26:38 Fletching
26:59 Forging
31:31 Hand Cart
32:25 Ballistics
32:30 Scale Mail Armor
32:49 Squires
32:10 Pikeman
32:37 Gambesons
33:27 Caravan
35:08 Gold Shaft Mining
34:24 Treadmill Crane
34:35 Guard Tower
34:56 Masonry
37:51 Long Swordsman
39:24 Yasama
42:13 Imperial Age
41:41 Iron Casting
41:02 Bodkin Arrow
41:08 Padded Archer Armor
41:24 Chain Mail Armor
43:37 Elite Samurai
44:38 Conscription
44:40 Kataparuto
47:52 Heavy Scorpion
48:15 Two-Handed Swordsman
49:32 Champion
50:42 Halberdier
52:29 Bracer
52:45 Leather Archer Armor
53:31 Blast Furnace
53:02 Plate Mail Armor
58:31 Onager
64:21 Chemistry
64:00 Keep
63:32 Siege Engineers
Goberneitor
9:10 Loom
12:55 Feudal Age
13:21 Double-Bit Axe
14:18 Wheelbarrow
19:13 Castle Age
18:12 Horse Collar
20:52 Bow Saw
21:01 Hand Cart
23:56 Town Watch
26:17 Gold Mining
26:21 Stone Mining
29:03 Town Patrol
30:06 Heavy Plow
31:41 Caravan
34:28 Imperial Age
32:19 Husbandry
32:32 Bloodlines
31:45 Light Cavalry
33:57 Gold Shaft Mining
33:58 Stone Shaft Mining
36:07 Crop Rotation
35:53 Scale Barding Armor
38:20 Elite Battle Elephant
38:23 Cavalier
39:04 Elite Ballista Elephant
39:49 Tusk Swords
41:21 Double Crossbow
42:07 Hoardings
41:08 Sappers
42:08 Hussar
45:05 Coinage
45:45 Forging
45:35 Scale Mail Armor
45:26 Fletching
45:36 Padded Archer Armor
46:36 Conscription
49:04 Chemistry
48:01 Murder Holes
48:16 Fortified Wall
48:28 Ballistics
48:07 Guard Tower
48:29 Siege Engineers
48:35 Masonry
52:23 Iron Casting
52:03 Chain Mail Armor
52:08 Chain Barding Armor
51:44 Bodkin Arrow
52:04 Leather Archer Armor
Sadek
8:16 Loom
11:43 Feudal Age
12:34 Double-Bit Axe
12:30 Horse Collar
13:29 Wheelbarrow
12:41 Town Watch
22:29 Castle Age
23:24 Gold Mining
23:26 Stone Mining
23:38 Heavy Plow
23:51 Bow Saw
26:22 Ballistics
26:21 Fervor
26:51 Hand Cart
27:47 Murder Holes
31:56 Town Patrol
32:17 Bloodlines
32:07 Husbandry
32:52 Forging
32:48 Scale Barding Armor
32:34 Fletching
32:48 Padded Archer Armor
33:29 Masonry
33:50 Sanctity
33:31 Devotion
34:27 Iron Casting
34:03 Thumb Ring
37:05 Imperial Age
35:10 Caravan
36:26 Gold Shaft Mining
36:40 Bodkin Arrow
37:01 Leather Archer Armor
37:07 Chain Barding Armor
38:07 Atheism
38:08 Conscription
38:24 Guilds
39:38 Chemistry
39:24 Parthian Tactics
38:22 Heavy Cavalry Archer
39:18 Bracer
40:19 Blast Furnace
39:55 Plate Barding Armor
39:19 Cavalier
41:18 Two-Man Saw
40:47 Paladin
42:28 Coinage
58:01 Scale Mail Armor
58:38 Faith
63:45 Elite Tarkan
65:31 Marauders
73:39 Illumination
Connection lost

Rejoining the realm…

Still unreachable

The connection could not be restored.

Session expired

The server has moved on; the page needs a fresh start.